 Dungeon Crawl Stone Soup version 0.18.1-2-ga659475 (webtiles) character file.

411 Hipnos the Conjurer (level 6, -4/32 HPs)
             Began as a Deep Elf Conjurer on May 8, 2016.
             Slain by an orc warrior
             ... wielding a +0 battleaxe
              (12 damage)
             ... on level 4 of the Dungeon.
             The game lasted 00:12:36 (2856 turns).

Hipnos the Conjurer (Deep Elf Conjurer)             Turns: 2856, Time: 00:13:06

Health: -4/32      AC:  4    Str:  3 (5)  XL:     6   Next: 58%
Magic:  7/17       EV: 12    Int: 19 (22) God:
Gold:   160        SH:  0    Dex: 13 (15) Spells: 3 memorised, 10 levels left

rFire  . . .     SeeInvis .     d - +3 dagger (drain)
rCold  . . .     Gourm    .     a - +0 robe
rNeg   . . .     Faith    .     (no shield)
rPois  .         Spirit   .     (no helmet)
rElec  .         Dismiss  .     f - +0 cloak
rCorr  .         Reflect  .     (no gloves)
SustAt .         Harm     .     j - +0 pair of boots
MR     .....                    (no amulet)
Stlth  ++........               (no ring)
                                (no ring)

@: not resistant to hostile enchantments, unstealthy
A: no striking features
a: no special abilities


You were on level 4 of the Dungeon.
You were hungry.

You visited 1 branch of the dungeon, and saw 4 of its levels.
You also visited: Sewer.

You collected 160 gold pieces.

Inventory:

Hand Weapons
 d - a +3 dagger of draining (weapon)
Armour
 a - a +0 robe (worn)
 f - a +0 cloak (worn)
 j - a +0 pair of boots (worn)
Scrolls
 o - 2 scrolls of identify
Potions
 e - a potion of ambrosia {unknown}
 g - 2 potions of curing {unknown}
 h - a potion of lignification {unknown}
 l - 2 potions of invisibility {unknown}
 m - a potion of haste
Books
 b - a book of Conjurations

   Spells                             Type                      Level
   a - Magic Dart                     Conjuration                  1
   b - Searing Ray                    Conjuration                  2
   c - Dazzling Spray                 Conjuration/Hexes            3
   d - Fulminant Prism                Conjuration/Hexes            4
   e - Iskenderun's Mystic Blast      Conjuration                  4
   f - Iskenderun's Battlesphere      Conjuration/Charms           5
 n - a book of Frost

   Spells                             Type                      Level
   a - Freeze                         Ice                          1
   b - Throw Frost                    Conjuration/Ice              2
   c - Ozocubu's Armour               Charms/Ice                   3
   d - Throw Icicle                   Conjuration/Ice              4
   e - Summon Ice Beast               Ice/Summoning                4
Comestibles
 c - 3 bread rations


   Skills:
 - Level 2.4 Dodging
 - Level 2.4 Stealth
 + Level 6.2 Spellcasting
 + Level 7.3 Conjurations
 * Level 1.0 Hexes


You had 10 spell levels left.
You knew the following spells:

 Your Spells              Type           Power        Failure   Level  Hunger
a - Magic Dart            Conj           ####         1%          1    None
b - Searing Ray           Conj           ####..       1%          2    None
c - Fulminant Prism       Conj/Hex       ###.......   21%         4    ####...


Dungeon Overview and Level Annotations

Branches:
Dungeon (4/15)
 Temple: D:4-7

Altars:
Dithmenos


Message History

The orc warrior barely misses you.
A gnoll comes into view. It is wielding a spear.
As you read the scroll labeled TOYCKY ZOV KIA, it crumbles to dust.
You feel aware of your surroundings.
You sensed 4 altars.
It was a scroll of magic mapping.
As you read the scroll labeled OMYRAR NOOWN, it crumbles to dust.
It is a scroll of identify.
Identify which item? (\ to view known items) (? for menu, Esc to quit)
m - a potion of haste The orc warrior barely misses you.
The orc wizard gestures wildly while chanting.
The orc wizard blinks!
The gnoll hits you with a whip.
* * * LOW HITPOINT WARNING * * *
It was a potion of degeneration.
There was something very wrong with that liquid.
You feel weakened.
You feel dopey.
You feel clumsy.
The gnoll hits you from afar with a spear.
* * * LOW HITPOINT WARNING * * *
The orc warrior hits you with a battleaxe!
You die...

*,**,*,,**,**,**,******,*
#.,,,,,,,,,**,,,,,,,,,,,,
##.,,,,,,,,,,,,**,*<***,,*
**...*,,*,*,,*****,,,,,<,,*
*,*..,,,,,,,,,,,,,,,,***,**
**,,.#,,*,*,*****,*,,**,,*,
**,#.,,,,,,,,,,,,,,,**,**,
*,#.#########...,****,**,
*,#.o.§o@ggO....,,* *,**,
*,#.########....,** *,**,
*,#.* ****,,,.*** *,**,
*,#.*****,,,,,,,,,* *,**,
*,).,,,,,,,,,,,,,,* *,**,
**#.*,***,,,,,,,,,* *,**,
*.o*,* ****,,,******,**,
*.#*,* *,,,,,,,,,,**,
*,**,* *,,,,,,******,


You could see an orc warrior, an ogre, an orc wizard and 2 gnolls.

Vanquished Creatures
  Sigmund (D:2)
  A crocodile (Sewer)
  An orc wizard (D:3)
  7 adders
  A worm (D:2)
  3 dart slugs
  6 orcs
  2 ball pythons
  3 giant cockroaches
  7 goblins
  5 hobgoblins
  6 jackals
  8 bats
  A giant gecko skeleton (D:4)
  14 kobolds
  9 rats
75 creatures vanquished.

Notes
Turn   | Place    | Note
--------------------------------------------------------------
     0 | D:1      | Hipnos the Deep Elf Conjurer began the quest for the Orb.
     0 | D:1      | Reached XP level 1. HP: 10/10 MP: 6/6
   398 | D:1      | Reached XP level 2. HP: 15/15 MP: 2/8
   467 | D:1      | Reached skill level 5 in Conjurations
   991 | D:2      | Reached XP level 3. HP: 19/19 MP: 0/9
  1077 | D:2      | Learned a level 2 spell: Searing Ray
  1447 | D:2      | Noticed Sigmund
  1457 | D:2      | Killed Sigmund
  1457 | D:2      | Reached skill level 5 in Spellcasting
  1457 | D:2      | Reached skill level 6 in Conjurations
  1457 | D:2      | Reached XP level 4. HP: 24/24 MP: 1/13
  1457 | D:2      | Reached XP level 5. HP: 28/28 MP: 1/14
  1824 | D:3      | Reached skill level 7 in Conjurations
  1824 | D:3      | Reached XP level 6. HP: 27/32 MP: 0/16
  1909 | D:3      | Learned a level 4 spell: Fulminant Prism
  2129 | D:3      | Found a glowing drain.
  2222 | Sewer    | Entered a sewer
  2324 | Sewer    | Reached skill level 1 in Hexes
  2486 | D:3      | Found a shadowy altar of Dithmenos.
  2841 | D:4      | Noticed an orc warrior
  2856 | D:4      | Slain by an orc warrior

Skill      XL: |  1  2  3  4  5  6 |
---------------+-------------------+-----
Conjurations   | 5 6 7 |  7.3
Spellcasting   | 5 6 |  6.2
Hexes          | 1 |  1.0
Dodging        | |  2.4
Stealth        | |  2.4

Action                   |  1- 3 |  4- 6 || total
-------------------------+-------+-------++-------
Melee: Dagger            |    17 |     5 ||    22
 Cast: Magic Dart        |    81 |    66 ||   147
       Searing Ray       |       |     7 ||     7
  Use: Scroll            |       |    11 ||    11
       Potion            |       |     1 ||     1
  Eat: Chunk             |     1 |     4 ||     5
Armor: Robe              |     4 |     6 ||    10
Dodge: Dodged            |    21 |    25 ||    46
